Map: Catalyst LE

Players

ShoWTimE

  • Race: Protoss Protoss
  • Spawn Location: 5:00

GuMiho - Winner!

  • Race: Terran Terran
  • Spawn Location: 11:00

Event: IEM Season 12 - Katowice

VOD

Have the link to the VOD?

Description

Time

  • Played on: March 1, 2018, 9:52 a.m.
  • Length: 9:03

All games in this series

Show
View Real Time Build Order
Export as new Build Order

ShoWTimE Protoss 

Build Orders: 1 Gate Expand, Oracle Opening 

Get SALT Encoding   

  12  0:00  Probe  
  13  0:12  Probe  
  14  0:17  Pylon  
  14  0:24  Probe  
  15  0:36  Probe (Chrono Boost)  
  15  0:38  Gateway  
  16  0:44  Assimilator  
  16  0:49  Probe (Chrono Boost)  
  17  0:54  Probe (Chrono Boost)  
  18  1:04  Probe  
  19  1:16  Probe  
  20  1:26  Nexus  
  20  1:35  Cybernetics Core  
  20  1:39  Probe  
  21  1:44  Assimilator  
  21  1:51  Probe  
  22  1:54  Pylon  
  22  2:03  Probe  
  23  2:11  Adept (Chrono Boost)  
  23  2:15  Probe  
  25  2:19  Stargate  
  25  2:26  Warp Gate  
  25  2:27  Probe (Chrono Boost)  
  26  2:30  Adept (Chrono Boost)  
  28  2:38  Probe (Chrono Boost)  
  30  2:45  Probe (Chrono Boost)  
  30  2:48  Probe (Chrono Boost)  
  31  2:52  Probe (Chrono Boost)  
  31  2:53  Probe (Chrono Boost), Adept  
  35  3:03  Probe  
  35  3:04  Probe, Oracle (Chrono Boost)  
  40  3:15  Probe, Pylon  
  40  3:17  Probe  
  42  3:27  Probe  
  42  3:29  Probe  
  42  3:32  Oracle (Chrono Boost)  
  44  3:40  Probe  
  48  3:42  Gateway  
  48  3:44  Probe, Gateway  
  49  3:49  Pylon  
  49  3:52  Probe  
  50  3:56  Probe  
  51  4:04  Probe, Pylon  
  51  4:08  Probe  
  56  4:14  Phoenix  
  56  4:16  Probe  
  56  4:20  Probe  
  56  4:22  Nexus  
  57  4:28  Probe  
  58  4:32  Probe  
  58  4:40  Probe  
  58  4:44  Probe  
  60  4:52  Probe  
  61  4:54  Forge  
  61  4:56  Probe, Twilight Council  
  61  4:58  Assimilator  
  62  5:00  Assimilator  
  62  5:04  Probe  
  63  5:08  Probe  
  63  5:09  Pylon  
  64  5:14  Protoss Ground Weapons Level 1 (Chrono Boost)  
  64  5:15  Sentry x2  
  64  5:16  Probe  
  64  5:21  Probe, Blink (Chrono Boost), Gateway  
  70  5:25  Gateway  
  70  5:27  Gateway  
  70  5:28  Probe  
  70  5:33  Probe, Gateway  
  72  5:40  Probe  
  72  5:41  Probe  
  74  5:44  Gateway  
  74  5:47  Probe  
  75  5:52  Probe  
  75  5:53  Probe, Pylon  
  75  5:54  Sentry  
  79  5:59  Probe  
  77  6:04  Probe, Stalker x2  
  77  6:05  Probe  
  77  6:10  Robotics Facility  
  83  6:11  Probe  
  83  6:14  Pylon  
  83  6:17  Probe  
  85  6:25  Pylon  
  85  6:29  Stalker x4  
  93  6:37  Pylon  
  93  6:43  Stalker x4  
  99  6:49  Probe x2  
  99  6:57  Stalker x3  
  105  7:03  Probe  
  105  7:04  Probe  
  105  7:07  Probe, Assimilator  
  108  7:12  Assimilator  
  108  7:13  Stalker x3  
  106  7:19  Warp Prism (Chrono Boost)  
  108  7:31  Forge  
  108  7:41  Stalker x2  
  108  7:43  Pylon  
  112  7:44  Pylon  
  112  7:46  Shield Battery  
  112  7:47  Pylon  
  112  7:48  Shield Battery  
  112  7:50  Pylon  
  102  8:00  Stalker x3  
  102  8:01  Stalker x3  
  102  8:12  Pylon  
  102  8:13  Stalker x2  
  106  8:24  Sentry  
  106  8:25  Zealot x5  
  116  8:34  Nexus  
  116  8:44  Templar Archives  
  116  8:55  Zealot x8  
Show
View Real Time Build Order
Export as new Build Order

GuMiho Terran - Winner!

Build Orders: Gas First Reaper Expand, Reaper Expand, MMM Bio 

Get SALT Encoding   

  12  0:00  SCV  
  13  0:12  SCV  
  14  0:17  Supply Depot  
  14  0:24  SCV  
  14  0:27  Refinery  
  15  0:39  SCV  
  16  0:44  Barracks  
  16  0:51  SCV  
  17  1:03  SCV  
  18  1:15  SCV  
  19  1:31  Reaper, Orbital Command  
  20  1:45  Command Center  
  20  1:55  Factory  
  20  1:59  SCV  
  21  2:04  Barracks Reactor  
  21  2:07  Refinery  
  21  2:11  SCV  
  22  2:17  Supply Depot  
  22  2:23  SCV  
  23  2:39  SCV  
  23  2:42  Starport  
  24  2:46  Hellion x2  
  24  2:51  SCV  
  29  2:56  Orbital Command  
  29  3:03  SCV  
  30  3:07  Widow Mine  
  30  3:08  Widow Mine  
  34  3:15  SCV  
  35  3:21  Medivac  
  35  3:23  SCV  
  38  3:27  SCV  
  38  3:30  Widow Mine  
  38  3:31  Supply Depot  
  38  3:32  Widow Mine  
  43  3:38  SCV  
  43  3:39  SCV  
  43  3:40  Marine  
  46  3:53  Cyclone x2, SCV x2  
  54  3:58  Supply Depot  
  54  4:04  Barracks Tech Lab  
  54  4:08  Supply Depot  
  54  4:09  SCV x2  
  56  4:21  SCV x2  
  56  4:22  Barracks  
  58  4:25  Stimpack  
  58  4:30  Barracks  
  58  4:36  SCV x2  
  60  4:40  Marine  
  61  4:48  SCV x2  
  59  4:53  Engineering Bay  
  59  4:58  Marine  
  60  5:00  SCV x2  
  60  5:01  Factory Reactor  
  62  5:10  Refinery x2  
  62  5:12  SCV x2  
  62  5:15  Marine  
  62  5:16  Starport Reactor, Barracks  
  62  5:19  Terran Infantry Weapons Level 1  
  62  5:20  Barracks  
  63  5:24  Supply Depot, SCV x2, Marine x2  
  67  5:33  Marine  
  68  5:38  SCV x2  
  68  5:42  Supply Depot, Marine x3  
  72  5:43  Marine  
  72  5:44  Missile Turret  
  72  5:45  Missile Turret, Factory Reactor  
  74  5:52  Marine  
  74  5:54  Medivac x2  
  79  5:57  Supply Depot  
  79  5:59  Marine  
  79  6:00  SCV x2  
  79  6:02  Marine x3  
  86  6:09  Barracks Tech Lab  
  86  6:10  Barracks Tech Lab  
  85  6:14  Command Center  
  85  6:22  Marine x2  
  85  6:25  Combat Shields  
  87  6:27  Marine x2  
  87  6:28  Marine, Marauder  
  87  6:31  Marauder  
  94  6:33  Concussive Shells  
  94  6:34  Medivac  
  94  6:37  Medivac  
  97  6:48  Marine x2  
  97  6:49  Marine x2, Marauder x2  
  97  6:53  Marine  
  101  7:06  Marine x2  
  101  7:07  Marine  
  102  7:09  Marine  
  102  7:11  Marine  
  102  7:13  Widow Mine  
  101  7:18  Widow Mine, Marauder  
  101  7:20  Medivac x2, Marauder  
  101  7:21  Supply Depot  
  106  7:24  Marine  
  106  7:27  SCV  
  106  7:28  SCV  
  109  7:31  Marine x4  
  109  7:35  Widow Mine  
  115  7:40  SCV, Marine  
  115  7:41  Marine  
  115  7:42  Marine  
  115  7:43  SCV  
  119  7:52  SCV  
  119  7:55  SCV  
  118  8:00  Marine x3, Marauder  
  118  8:01  Marauder  
  122  8:06  Marine x2  
  122  8:07  Widow Mine x2  
  127  8:14  SCV x2  
  127  8:15  Orbital Command  
  127  8:18  Marine  
  128  8:24  Medivac x2  
  128  8:27  Supply Depot, SCV  
  133  8:28  Supply Depot  
  133  8:29  Marauder  
  133  8:32  Marauder  
  139  8:34  Marauder  
  139  8:36  Marine x2  

Tags
 
Add a new tag
Caveats
  • Supply blocks, unpowered buildings, or Contaminate may cause inaccurate times.
  • Supply counts are checked every 10 seconds.